 Dungeon Crawl Stone Soup version 0.29.1-13-g9f3cf754e1 (webtiles) character file.

Game seed: 17871980178164816517

779 cheesebisquit the Grappler (level 7, 0/99 HPs)
             Began as a Troll Fighter on Jan 22, 2023.
             Succumbed to a gnoll's poison
             ... on level 5 of the Dungeon.
             The game lasted 00:16:04 (3603 turns).

cheesebisquit the Grappler (Troll Fighter)          Turns: 3603, Time: 00:16:05

Health: 0/99       AC:  5    Str: 26 (27) XL:     7   Next: 54%
Magic:  15/15      EV:  8    Int:  4      God:
Gold:   273        SH:  7    Dex:  9      Spells: 6/6 levels left

rFire   + . .      SeeInvis .     - Unarmed
rCold   + + .      Faith    .   b - +0 kite shield
rNeg    . . .      Spirit   .   a - +0 robe
rPois   +          Reflect  .   (helmet restricted)
rElec   +          Harm     .   l - +0 cloak
rCorr   +          Rampage  .   (gloves unavailable)
Will    .....                   (boots unavailable)
Stlth   ..........              (no amulet)
HPRegen 1.06/turn               g - ring of magical power
MPRegen 0.14/turn               x - ring of protection from cold

@: brilliant, berserking, lethally poisoned (0 -> -5), resistant, studying
Polearms, invisible, very quick
A: large, unfitting armour, claws 3, regeneration 1, shaggy fur 1, tough skin 1,
antennae 1, mutation resistance 1
a: no special abilities


You were on level 5 of the Dungeon.
You visited 1 branch of the dungeon, and saw 5 of its levels.

You collected 273 gold pieces.

Inventory:

Missiles
 d - 12 poisoned darts (quivered)
Armour
 a - a +0 robe (worn)
 b - a +0 kite shield (worn)
 l - a +0 cloak (worn)
Jewellery
 g - a ring of magical power (left claw)
 x - a ring of protection from cold (right claw)
Scrolls
 c - a scroll of brand weapon {unknown}
 f - a scroll of blinking {unknown}
 i - 2 scrolls of identify {unknown}
 j - 2 scrolls of teleportation {unknown}
 p - 2 scrolls of silence {unknown}
 q - a scroll of poison {unknown}
 r - a scroll of noise {unknown}
 u - a scroll of vulnerability {unknown}
 v - a scroll of enchant armour {unknown}
 w - a scroll of torment {unknown}
 y - a scroll of enchant weapon {unknown}
Potions
 h - a potion of degeneration
 k - 3 potions of mutation
 s - a potion of brilliance
 t - a potion of flight {unknown}
 A - a potion of cancellation {unknown}


   Skills:
 - Level 2.4 Fighting
 - Level 2.4 Dodging
 - Level 2.6 Shields
 + Level 8.7 Unarmed Combat


You had 6 spell levels left.
You didn't know any spells.
Your spell library contained the following spells:

 Spells                   Type           Power      Damage    Failure   Level
 Ensorcelled Hibernation  Hex/Ice        0%         N/A       91%         2
 Passwall                 Tmut/Erth      0%         N/A       91%         2
 Swiftness                Air            0%         N/A       99%         3


Dungeon Overview and Level Annotations

Branches:
Dungeon (5/15)
 Temple: D:4-7

Altars:
Ashenzari
Hepliaklqana

Shops:
D:3 *   D:5 (

Annotations:
D:3 2 transporters, Vulpanium's ghost, amateur DrNe


Innate Abilities, Weirdness & Mutations

You are too large for most types of armour.
You have claws for hands.
Your natural rate of healing is unusually fast.
You are covered in fur. (AC +1)
You have tough skin. (AC +1)
You have a pair of small antennae on your head.
You are somewhat resistant to further mutation.


Message History

You block the gnoll's attack. You block the gnoll's attack.
The gnoll hits you but does no damage. The gnoll hits you but does no damage.
You feel less wooden.
Your +0 cloak unmelds from your body.
Your +0 robe unmelds from your body.
The gnoll hits you from afar with a +1 spear of venom!
You are poisoned.
Okay, then.
You feel very sick.
The gnoll hits you with a +1 spear of venom.
* * * LOW HITPOINT WARNING * * *
There is an open door, spattered with blood here.
Items here: $ )) ††.
You completely miss the gnoll.
You feel very sick. The gnoll hits you but does no damage.
You are more poisoned.
You claw the gnoll!
The gnoll is heavily wounded.
You feel very sick.
The gnoll hits you with a +1 spear of venom.
* * * LOW HITPOINT WARNING * * *
You are lethally poisoned!
It was a potion of resistance.
You feel protected.
* * * LOW HITPOINT WARNING * * *
You feel very sick. You block the gnoll's attack.
Okay, then.
Okay, then.
It was a potion of invisibility.
You fade into invisibility!
* * * LOW HITPOINT WARNING * * *
You feel very sick. You block the gnoll's attack.
It was a potion of berserk rage.
A red film seems to cover your vision as you go berserk!
You feel yourself moving faster!
You feel mighty!
You die...

#.............
#~~~~~~~~~~~~~
#~≈~~~~~~≈≈≈≈≈
#≈≈≈≈≈≈~≈≈≈≈≈≈
#≈≈≈≈≈≈≈#####≈
#≈≈≈≈≈≈≈#$$.########
#### #$$.#......##
##...
#g$.#.....(.###....
#@##........#.....
#)..........#.....
#...........(.....
#..........(#.....
#+##........#.....
#.......###....
#......## ##...
######## ####


You could see a gnoll (unable to see you).

Vanquished Creatures
  A water moccasin (D:4)
  An orc warrior (D:4)
  A kobold brigand (D:5)
  A necrophage (D:5)
  2 orc priests (D:5)
  3 hounds
  Jessica (D:3)
  An iguana (D:4)
  An orc wizard (D:4)
  4 gnolls (D:5)
  5 adders
  6 worms
  2 dart slugs (D:1)
  16 orcs
  8 endoplasms
  2 giant cockroaches
  15 hobgoblins
  2 jackals (D:2)
  7 quokkas
  4 ball pythons
  3 bats (D:1)
  3 frilled lizards
  7 goblins
  17 kobolds
  8 rats
121 creatures vanquished.

Vanquished Creatures (others)
  6 plants (D:3)
6 creatures vanquished.

Grand Total: 127 creatures vanquished

Notes
Turn   | Place    | Note
-------+----------+-------------------------------------------
     0 | D:1      | cheesebisquit the Troll Fighter began the quest for the
                  | Orb.
     0 | D:1      | Reached XP level 1. HP: 22/22 MP: 0/0
    40 | D:1      | Reached XP level 2. HP: 29/29 MP: 1/1
   108 | D:1      | Reached skill level 3 in Unarmed Combat
   726 | D:1      | Reached XP level 3. HP: 35/36 MP: 2/2
   992 | D:2      | Found a faded altar of an unknown god.
  1041 | D:2      | Reached skill level 4 in Unarmed Combat
  1158 | D:2      | Reached XP level 4. HP: 43/44 MP: 3/3
  1590 | D:3      | Found Gyeskois's Assorted Antiques.
  1637 | D:3      | Found a transporter.
  1640 | D:3      | Identified the +9 halberd "Immuutav" {pain, rElec Dex+3}
  1704 | D:3      | Reached skill level 5 in Unarmed Combat
  1782 | D:3      | Noticed Vulpanium's ghost (amateur DrNe)
  1805 | D:3      | Found a transporter.
  1886 | D:3      | Noticed Jessica
  1893 | D:3      | Killed Jessica
  1894 | D:3      | Reached XP level 5. HP: 46/50 MP: 4/4
  2204 | D:4      | Found a hazy altar of Hepliaklqana.
  2213 | D:4      | Found a broken altar of Ashenzari.
  2347 | D:4      | Reached skill level 6 in Unarmed Combat
  2554 | D:4      | Noticed an orc warrior
  2566 | D:4      | Killed an orc warrior
  2567 | D:4      | Reached XP level 6. HP: 15/59 MP: 5/5
  2572 | D:4      | Reached skill level 7 in Unarmed Combat
  2572 | D:4      | Noticed a water moccasin
  2579 | D:4      | Gained mutation: You have a pair of small antennae on your
                  | head. [potion of mutation]
  2579 | D:4      | Gained mutation: You are somewhat resistant to further
                  | mutation. [potion of mutation]
  2582 | D:4      | Killed a water moccasin
  2923 | D:5      | Entered Level 5 of the Dungeon
  2979 | D:5      | Reached XP level 7. HP: 64/66 MP: 6/6
  3233 | D:5      | Found Zisoatue's Weapon Shop.
  3311 | D:5      | Reached skill level 8 in Unarmed Combat
  3602 | D:5      | HP: 1/66 [poisoned by a gnoll]
  3603 | D:5      | Succumbed to a gnoll's poison

Illustrated notes

Levels and vault maps discovered:
D:1:      erik_arrival_triangle_small, layout_basic
D:2:      layout_basic, ebering_ecumenical_altar_sacrificial, nicolae_wormholes
D:3:      layout_rooms, serial_shops, shop_fountains,
          gammafunk_ghost_gnarly_gnolls, minivault_27, guppyfry_early_orc_mine,
          uniq_jessica
D:4:      layout_basic, mainiacjoe_overflow_large_starburst, skrybe_limestone_x,
          minmay_manual_mullet
D:5:      minmay_goblin_kobold_castle, layout_basic,
          grunt_temple_overflow_diamond, serial_shops, shop, uniq_grinder,
          uniq_menkaure

Skill      XL: |  1  2  3  4  5  6  7 |
---------------+----------------------+-----
Unarmed Combat | 3 4 5 6 7 8 |  8.7
Fighting       | |  2.4
Dodging        | |  2.4
Shields        | |  2.6

Action                   |  1- 3 |  4- 6 |  7- 9 || total
-------------------------+-------+-------+-------++-------
Melee: Unarmed           |    89 |   142 |    70 ||   301
Throw: Dart              |     1 |    24 |    17 ||    42
  Use: Potion            |       |     4 |     8 ||    12
 Stab: Sleeping          |       |     1 |       ||     1
Armor: Robe              |    23 |    36 |    19 ||    78
       Skin              |       |     1 |    27 ||    28
Dodge: Dodged            |    26 |    45 |    21 ||    92
Block: Kite shield       |    25 |    33 |    38 ||    96
